 Dungeon Crawl Stone Soup version 0.19-a0-683-g5f2401d (webtiles) character file.

121 Stormphoenix the Chopper (level 5, -9/41 HPs)
             Began as a Formicid Fighter on June 17, 2016.
             Was a Follower of Yredelemnul.
             Mangled by an ogre
             ... wielding a +0 giant spiked club
              (17 damage)
             ... on level 4 of the Dungeon.
             The game lasted 00:06:25 (2901 turns).

Stormphoenix the Chopper (Formicid Fighter)         Turns: 2901, Time: 00:06:26

Health: -9/41      AC:  6    Str: 24      XL:     5   Next: 26%
Magic:  5/5        EV:  8    Int:  4 (6)  God:    Yredelemnul [*.....]
Gold:   125        SH: 10    Dex:  8 (10) Spells: 0 memorised, 4 levels left

rFire  . . .     SeeInvis +     a - +0 war axe
rCold  . . .     Gourm    .     b - +0 scale mail
rNeg   . . .     Faith    .     c - +1 shield
rPois  .         Spirit   .     (helmet unavailable)
rElec  .         Dismiss  .     (no cloak)
rCorr  .         Reflect  .     (no gloves)
SustAt .         Harm     .     (no boots)
MR     .....                    (no amulet)
Stlth  ..........               (no ring)
                                (no ring)

@: mighty, not resistant to hostile enchantments, extremely unstealthy
A: permanent stasis, dig shafts and tunnels, four strong arms, antennae 3,
blurry vision 1, dopey 1, weak 1
a: Dig, Shaft Self, Animate Remains, Renounce Religion


You were on level 4 of the Dungeon.
You worshipped Yredelemnul.
Yredelemnul was aware of your devotion.
You were not hungry.

You visited 1 branch of the dungeon, and saw 4 of its levels.

You collected 125 gold pieces.

Inventory:

Hand Weapons
 a - a +0 war axe (weapon)
Armour
 b - a +0 scale mail (worn)
 c - a +1 shield (worn)
Scrolls
 j - a scroll of blinking
 k - 2 scrolls of enchant armour
 l - a scroll of amnesia
 n - 2 scrolls of remove curse
Potions
 h - a potion of resistance
Comestibles
 f - 2 bread rations
 g - a chunk of flesh
 m - a slice of pizza
 q - a beef jerky
 r - 5 fruits


   Skills:
 - Level 3.2 Fighting
 + Level 5.0 Axes
 - Level 3.2 Armour
 - Level 3.6 Shields


You had 4 spell levels left.
You didn't know any spells.

Dungeon Overview and Level Annotations

Branches:
Dungeon (4/15)
 Temple: D:4-7

Altars:
Cheibriados
Makhleb
Yredelemnul


Innate Abilities, Weirdness & Mutations

You are under a permanent stasis effect.
You can dig through walls and to a lower floor.
Your four strong arms can wield two-handed weapons with a shield.
You have a pair of large antennae on your head. (SInv)
Scrolls take you a little longer to read.
You are dopey. (Int -2)
You are weak. (Str -2)


Message History

The quokka barely misses you. x2
The ogre hits you with a giant spiked club!
* * * LOW HITPOINT WARNING * * *
Your shield and scale mail prevent you from hitting the ogre.
The ogre is heavily wounded.
Your shield and scale mail prevent you from hitting the quokka.
The quokka is lightly wounded.
The orc shouts!
The quokka closely misses you. You block the ogre's attack.
The quokka bites you but does no damage.
You feel very mighty all of a sudden. You block the quokka's attack.
You slash the ogre!
The ogre is almost dead.
You slash the quokka!
You kill the quokka!
Yredelemnul accepts your kill.
The ogre hits you with a giant spiked club!
You die...
Your body rises from the dead as a mindless zombie.

#.........#
#.#######.##
#.##.......#
#.#####.##.####..#
#............##..#
.#.###......##..#
#<...........#
#.######.####.##
#...oO@†o......#
#..#####s#######
#........#
{.......r###
#.#####..# .... {
{ ..>.#. {.......
s...... ?


You could see an ogre, an orc priest, an orc and a giant cockroach.

Vanquished Creatures
  4 adders
  A worm (D:2)
  2 dart slugs (D:2)
  6 orcs (D:3)
  2 ball pythons
  13 bats
  4 giant cockroaches
  4 goblins
  5 hobgoblins
  10 jackals
  2 quokkas
  4 giant newts
  8 kobolds
  4 rats
69 creatures vanquished.

Notes
Turn   | Place    | Note
--------------------------------------------------------------
     0 | D:1      | Stormphoenix the Formicid Fighter began the quest for the Orb.
     0 | D:1      | Reached XP level 1. HP: 18/18 MP: 1/1
   184 | D:1      | Reached XP level 2. HP: 18/24 MP: 2/2
   366 | D:1      | Reached skill level 3 in Axes
   499 | D:1      | Reached XP level 3. HP: 29/29 MP: 3/3
   598 | D:1      | You fall through a shaft!
   688 | D:2      | Found a basalt altar of Yredelemnul.
   701 | D:2      | Became a worshipper of Yredelemnul the Dark
  1291 | D:2      | Reached skill level 4 in Axes
  1291 | D:2      | Reached XP level 4. HP: 33/35 MP: 4/4
  1370 | D:2      | Found a burning altar of Makhleb.
  1622 | D:2      | Found a snail-covered altar of Cheibriados.
  1883 | D:2      | Gained mutation: You are dopey. (Int -2) [potion of mutation]
  1883 | D:2      | Gained mutation: Scrolls take you a little longer to read. [potion of mutation]
  1883 | D:2      | Gained mutation: You are weak. (Str -2) [potion of mutation]
  2420 | D:3      | Reached XP level 5. HP: 39/41 MP: 5/5
  2583 | D:3      | Reached * piety under Yredelemnul
  2777 | D:3      | Reached skill level 5 in Axes
  2892 | D:4      | Noticed an ogre
  2901 | D:4      | Mangled by an ogre

Vault maps used:
D:1:      zelgadis_glass_arrival_small
D:2:      lemuel_coloured_pillars_altar, marbit_many_paths,
          yredelemnul_altar_generic
D:4:      first_bread, serial_shops, shop_statue, led_sif_book, uniq_sigmund

Skill      XL: |  1  2  3  4  5 |
---------------+----------------+-----
Axes           | 3 4 5 |  5.0
Fighting       | |  3.2
Armour         | |  3.2
Shields        | |  3.6

Action                   |  1- 3 |  4- 6 || total
-------------------------+-------+-------++-------
Melee: War axe           |   117 |   128 ||   245
  Use: Potion            |       |     8 ||     8
       Scroll            |       |     8 ||     8
  Eat: Chunk             |       |     7 ||     7
Armor: Scale mail        |    77 |    62 ||   139
Dodge: Dodged            |    48 |    50 ||    98
Block: Shield            |    94 |    62 ||   156
